[Event "*** Titled Tuesday Blitz"]
[Site "Chess.com"]
[Date "2018.10.02"]
[Round "9"]
[White "MFBerna"]
[Black "Gubajdullin"]
[Result "1-0"]
[WhiteElo "2435"]
[BlackElo "2396"]
[TimeControl "180+2"]
[EndTime "15:02:46 PDT"]
[Termination "MFBerna won by resignation"]

1. e4 g6 2. d4 Bg7 3. Nf3 d6 4. Nc3 Bg4 5. Be3 Nc6 6. Be2 e5 7. dxe5 Bxf3 8. Bxf3 Nxe5 9. Be2 Nf6 10. Qd2 O-O 11. O-O-O Nfg4 12. Bg5 Bf6 13. Bxf6 Nxf6 14. h4 h5 15. f3 Qe7 16. g4 Rad8 17. Rdg1 hxg4 18. h5 g5 19. Qxg5+ Kh8 20. f4 Nc6 21.
Bxg4 Nh7 22. Qxe7 Nxe7 23. h6 Rg8 24. Bh5 Rxg1+ 25. Rxg1 Rg8 26. Rd1 Rf8 27. e5 dxe5 28. fxe5 Nc6 29. Re1 Ng5 30. Nd5 Re8 31. Nxc7 Rxe5 32.
Rxe5 Nxe5 33. Nb5 a6 34. Nd6 b5 35. Be2 Kh7 36. Nb7 Ne6 37. a4 bxa4 38. Bxa6 Nc7 39.
Be2 f5 40. Nc5 a3 41. bxa3 f4 42. a4 f3 43. Bf1 Nc6 44. Kd2 Kxh6 45. Ke3 Kg5 46.
Kxf3 Nd4+ 47. Ke4 Nxc2 48. a5 Nb4 49. Bg2 Nc6 50. a6 Na7 51. Ke5 Kg6 52. Kd6 Ncb5+ 53. Kd7 Kf6 54. Bf1 Nd4 55. Kc7 Ke5 56. Kb7 Nac6 57.
Bg2 Na5+ 58. Kb6 Nc4+ 59. Kc7 Nb5+ 60. Kb7 Nbd6+ 61. Kc6 Na5+ 62. Kb6 Nac4+ 63. Kc7 Kd4 64. Ne6+ Ke5 65. Bf1 Na3 66. Kb6 Kxe6 67. Bh3+ Ke7 68. a7 Ndc4+ 69. Ka6 Nd6 70. a8=Q Nac4 71. Qa7+ Kf6 72.
Qd4+ Kg5 73. Be6 Kg6 74. Bxc4 Nf5 75. Bd3 Kg5 76. Bxf5 Kxf5 77. Qe3 Kf6 78. Kb5 Kf5 79. Kc5 Kf6 80. Kd5 Kf5 81. Qf3+ Kg5 82. Ke5 Kg6 83.
Qf5+ Kg7 84. Qf6+ Kg8 85. Qe7 Kh8 86. Kf6 1-0

[Event "*** Titled Tuesday Blitz"]
[Site "Chess.com"]
[Date "2018.10.02"]
[Round "9"]
[White "AliKa2810"]
[Black "Thjop"]
[Result "1/2-1/2"]
[WhiteElo "2491"]
[BlackElo "2622"]
[TimeControl "180+2"]
[EndTime "15:04:01 PDT"]
[Termination "Game drawn by 50-move rule"]

1. e4 e6 2. d4 d5 3. Nd2 c5 4.
exd5 exd5 5. Ngf3 a6 6. Be2 Nf6 7. O-O Be7 8. Re1 O-O 9. dxc5 Bxc5 10. Nb3 Bb6 11. c3 Nc6 12. Bf1 Bg4 13. h3 Bh5 14.
Bg5 h6 15. Bxf6 Qxf6 16. Qxd5 Bxf3 17. Qxf3 Qxf3 18. gxf3 Rad8 19. a4 Rd5 20. Re4 Rfd8 21. Rae1 Kf8 22. h4 g6 23. Bc4 Rh5 24. Kg2 Rd7 25.
Re8+ Kg7 26. R1e4 Bd8 27. Nd4 Nxd4 28. Rxd4 Rxd4 29. cxd4 Bxh4 30. d5 b5 31. axb5 axb5 32. Bb3 Rg5+ 33. Kf1 Rf5 34. Kg2 Rf4 35. d6 Rb4 36.
Bd5 Rd4 37. Bc6 Rxd6 38. Bxb5 Rb6 39. Re5 Bf6 40. Rd5 Bxb2 41. Bc4 Rb4 42. Ba2 Rb7 43. Rd2 Be5 44. Rd5 Kf6 45. Ra5 Rb2 46. Ra6+ Kg5 47. Bxf7 Bd4 48. Rxg6+ Kf5 49. Rxh6 Rxf2+ 50. Kh1 Rxf3 51.
Bd5 Rf1+ 52. Kg2 Rg1+ 53. Kh2 Rg5 54. Bg2 Kf4 55. Rh4+ Ke3 56. Re4+ Kd3 57. Re8 Be5+ 58.
Kg1 Ke3 59. Re7 Kf4 60. Rf7+ Kg3 61. Rf3+ Kg4 62. Kf2 Bf4 63. Ra3 Rc5 64. Bf3+ Kf5 65. Ra4 Rc2+ 66. Be2 Be5 67. Kf1 Rb2 68. Bd3+ Kg5 69.
Be2 Bf4 70. Kf2 Bd6 71. Kf3 Rb3+ 72. Kf2 Rb2 73. Kf3 Bc7 74. Rc4 Bb6 75. Rc6 Rb3+ 76. Kg2 Bd4 77. Ra6 Re3 78. Kf1 Rg3 79. Bc4 Kf4 80.
Ke2 Ke4 81. Re6+ Be5 82. Re8 Rg2+ 83. Kf1 Rc2 84. Be2 Kf4 85. Kf2 Bd4+ 86. Kf1 Rc1+ 87. Kg2 Rg1+ 88. Kh2 Rg7 89. Bf1 Be5 90. Bg2 Ra7 91.
Rf8+ Kg4+ 92. Kg1 Bf4 93. Rg8+ Bg5 94. Rc8 Ra1+ 95. Bf1 Kf3 96. Rf8+ Bf4 97. Rf7 Kg3 98. Rg7+ Kf3 99. Rf7 Rc1 100. Rf8 Kg4 101. Rg8+ Kf3 102. Rf8 Ke4 103. Kf2 Be3+ 104. Kg2 Rc2+ 105. Kh3 Bf4 106. Bg2+ Ke5 107. Re8+ Kf5 108. Be4+ 1/2-1/2

[Event "*** Titled Tuesday Blitz"]
[Site "Chess.com"]
[Date "2018.10.02"]
[Round "10"]
[White "Sanan_Sjugirov"]
[Black "Alexander_Moskalenko"]
[Result "0-1"]
[WhiteElo "2838"]
[BlackElo "2868"]
[TimeControl "180+2"]
[EndTime "15:07:38 PDT"]
[Termination "Alexander_Moskalenko won by resignation"]

1. d4 Nf6 2. c4 e6 3. Nc3 Bb4 4. Qc2 O-O 5. a3 Bxc3+ 6. Qxc3 d5 7. Nf3 dxc4 8. Qxc4 b6 9. Bg5 Ba6 10. Qa4 c5 11.
dxc5 bxc5 12. Rc1 h6 13. Bh4 Qe7 14. g4 Qd7 15. Bxf6 Qxa4 0-1

[Event "*** Titled Tuesday Blitz"]
[Site "Chess.com"]
[Date "2018.10.02"]
[Round "10"]
[White "kharov2001"]
[Black "andrzej"]
[Result "0-1"]
[WhiteElo "2177"]
[BlackElo "2222"]
[TimeControl "180+2"]
[EndTime "15:07:43 PDT"]
[Termination "andrzej won by resignation"]

1. e4 c6 2. d4 d5 3. e5 c5 4. dxc5 e6 5. Be3 Nh6 6. Bb5+ Bd7 7. Bxd7+ Nxd7 8. Nf3 Nf5 9. Bf4 Bxc5 10. O-O Qb6 11. b3 Bd4 12. Nxd4 Qxd4 13. Qxd4 Nxd4 14. Nc3 Rc8 15. Bd2 Rxc3 16. Bxc3 Ne2+ 17. Kh1 Nxc3 18. f4 Ke7 19. Kg1 Rc8 20. Kf2 Ne4+ 21. Ke3 Rc3+ 0-1

[Event "*** Titled Tuesday Blitz"]
[Site "Chess.com"]
[Date "2018.10.02"]
[Round "10"]
[White "sergeikim"]
[Black "MikeSailer"]
[Result "1-0"]
[WhiteElo "2426"]
[BlackElo "2078"]
[TimeControl "180+2"]
[EndTime "15:07:59 PDT"]
[Termination "sergeikim won by resignation"]

1. d4 d5 2. c4 c6 3. Nf3 Nf6 4. Qc2 g6 5. e3 Bf5 6. Bd3 Bxd3 7.
Qxd3 Bg7 8. O-O O-O 9. Nc3 a6 10.
e4 dxe4 11. Nxe4 Nxe4 12. Qxe4 Nd7 13. Bd2 Nf6 14. Qh4 Qc7 15. Rfe1 b5 16. b3 bxc4 17.
bxc4 Rfe8 18. Rab1 Nd7 19. Rxe7 Rxe7 20. Qxe7 Bf6 21.
Qe4 c5 22. Qxa8+ 1-0

[Event "*** Titled Tuesday Blitz"]
[Site "Chess.com"]
[Date "2018.10.02"]
[Round "10"]
[White "Benek77"]
[Black "Maikrosoft63"]
[Result "0-1"]
[WhiteElo "2588"]
[BlackElo "2578"]
[TimeControl "180+2"]
[EndTime "15:08:27 PDT"]
[Termination "Maikrosoft63 won by checkmate"]

1. e4 c5 2. Nf3 Nc6 3. d4 cxd4 4. Nxd4 Nf6 5. Nc3 d6 6. Bc4 Qb6 7. Nb3 e6 8. O-O a6 9. Bg5 Be7 10. Bxf6 Bxf6 11. Qxd6 Bd7 12. Rad1 O-O-O 13. Qd2 Ne5 14. Qe2 Bc6 15. Kh1 Rxd1 16. Rxd1 Nxc4 17. Qxc4 Qxf2 18.
Na5 Rd8 19. Rxd8+ Kxd8 20. Nxc6+ bxc6 21. g3 Bd4 22. Ne2 Qf3# 0-1

[Event "*** Titled Tuesday Blitz"]
[Site "Chess.com"]
[Date "2018.10.02"]
[Round "10"]
[White "Rashad_Zeynalli"]
[Black "alishersuleymenov"]
[Result "0-1"]
[WhiteElo "2341"]
[BlackElo "2490"]
[TimeControl "180+2"]
[EndTime "15:08:28 PDT"]
[Termination "alishersuleymenov won by resignation"]

1. e4 c5 2. Nf3 Nc6 3. d4 cxd4 4. Nxd4 Nf6 5. Nc3 d6 6. Bg5 Bd7 7. Qd2 Rc8 8. f4 Nxd4 9. Qxd4 Qa5 10. O-O-O Rxc3 11. Bxf6 Rc7 12. Bxg7 e5 13. Bxh8 exd4 14.
Kb1 Be6 15. b3 Rxc2 16. Kxc2 Qxa2+ 17. Kc1 Qa1+ 18. Kd2 Qc3+ 0-1

[Event "*** Titled Tuesday Blitz"]
[Site "Chess.com"]
[Date "2018.10.02"]
[Round "10"]
[White "mishanick"]
[Black "Korchmar_Vasiliy"]
[Result "0-1"]
[WhiteElo "2843"]
[BlackElo "2723"]
[TimeControl "180+2"]
[EndTime "15:09:43 PDT"]
[Termination "Korchmar_Vasiliy won by resignation"]

1. d4 Nf6 2. Nf3 d5 3. c4 e6 4. Nc3 Bb4 5. Bg5 dxc4 6. e4 h6 7. Bxf6 Qxf6 8. Bxc4 c5 9. e5 Qd8 10. O-O cxd4 11. Ne4 O-O 12. Nxd4 Qc7 13. Nf6+ Kh8 14. Qb3 Bc5 15. Nb5 Qxe5 16. Ng4 Qf4 17. g3 Qxg4 18.
Nc7 Nc6 19. Nxa8 Nd4 20. Qd3 b6 21. Ba6 Bxa6 22. Qxa6 Qe4 23. Nc7 Ne2+ 24. Qxe2 Qxe2 0-1

[Event "*** Titled Tuesday Blitz"]
[Site "Chess.com"]
[Date "2018.10.02"]
[Round "10"]
[White "sergoy"]
[Black "wonderfultime"]
[Result "0-1"]
[WhiteElo "2784"]
[BlackElo "2860"]
[TimeControl "180+2"]
[EndTime "15:09:54 PDT"]
[Termination "wonderfultime won by checkmate"]

1. d4 d5 2. c4 c6 3. Nf3 Nf6 4. g3 Bf5 5. Qb3 Qb6 6. c5 Qc7 7. Bf4 Qc8 8. Bg2 h6 9. Nc3 Nbd7 10. Rc1 g5 11. Bd2 Bg7 12. O-O Ne4 13. Be3 O-O 14.
Nxe4 Bxe4 15. Qd1 f5 16. b4 a6 17. Ne1 f4 18. Bd2 e5 19. dxe5 Nxe5 20. Bc3 Qe6 21. Qb3 Bxg2 22. Kxg2 Rae8 23. Nc2 f3+ 24. exf3 Nxf3 25.
Bxg7 Qe4 26. Bxf8 Ne1+ 27. Kh3 g4+ 28. Kh4 Ng2+ 29. Kh5 Qf5+ 30. Kxh6 Re6# 0-1

[Event "*** Titled Tuesday Blitz"]
[Site "Chess.com"]
[Date "2018.10.02"]
[Round "10"]
[White "evgenysharapov"]
[Black "EndgameGrinder"]
[Result "1-0"]
[WhiteElo "2459"]
[BlackElo "2488"]
[TimeControl "180+2"]
[EndTime "15:10:14 PDT"]
[Termination "evgenysharapov won by resignation"]

1. c4 c5 2. Nc3 Nc6 3. g3 g6 4. Bg2 Bg7 5. Nf3 e6 6. O-O Nge7 7. e3 d5 8. cxd5 Nxd5 9. Nxd5 exd5 10. d4 cxd4 11.
Nxd4 Nxd4 12. exd4 O-O 13. Qb3 Be6 14. Be3 Qd7 15.
Rfc1 Rfc8 16. h4 h5 17. Kh2 b6 18. a4 Rxc1 19. Rxc1 Rd8 20. Rc3 Bf8 21. Bg5 Re8 22. Bf4 Rc8 23. Rxc8 Qxc8 24. Bxd5 Bxd5 25. Qxd5 Qc2 26.
Kg2 Qxa4 27. Qd8 Qb4 28. d5 Qe4+ 29. Kh2 Qf3 30. Be3 Kg7 31. d6 Qf6 32. Bh6+ 1-0

[Event "*** Titled Tuesday Blitz"]
[Site "Chess.com"]
[Date "2018.10.02"]
[Round "10"]
[White "NemtsevIgor"]
[Black "ajkom197"]
[Result "1-0"]
[WhiteElo "2380"]
[BlackElo "2368"]
[TimeControl "180+2"]
[EndTime "15:10:27 PDT"]
[Termination "NemtsevIgor won on time"]

1. d4 d5 2. e4 c6 3. Be3 dxe4 4. Nc3 Nf6 5. f3 exf3 6. Nxf3 Bf5 7. Bd3 Bxd3 8. Qxd3 e6 9. O-O Nbd7 10. Rae1 Qa5 11.
Bf4 Nd5 12. Bg3 Nxc3 13. bxc3 O-O-O 14. Rb1 h6 15. Qe4 Nf6 16. Qd3 Bd6 17. Ne5 Bxe5 18.
Bxe5 Rhe8 19. Bxf6 gxf6 20. Rxf6 Qxa2 21. Rbf1 e5 22.
Rxf7 exd4 23. Qh7 Qa6 24. Rb1 dxc3 25. Rc7+ Kb8 26. Rbxb7+ Ka8 27. Rxa7+ Kb8 28. Rcb7+ 1-0

[Event "*** Titled Tuesday Blitz"]
[Site "Chess.com"]
[Date "2018.10.02"]
[Round "10"]
[White "RiskyDecision"]
[Black "Blitzstream"]
[Result "0-1"]
[WhiteElo "2397"]
[BlackElo "2604"]
[TimeControl "180+2"]
[EndTime "15:10:41 PDT"]
[Termination "Blitzstream won by resignation"]

1. d4 g6 2. g3 Bg7 3. Bg2 d6 4. Nf3 Nd7 5. O-O b6 6. c4 Bb7 7. Nc3 e6 8. e4 Ne7 9. d5 e5 10. Ne1 h6 11. Nd3 a6 12. f4 exf4 13. gxf4 O-O 14.
Kh1 f5 15. e5 dxe5 16. fxe5 Nxe5 17. Nxe5 Bxe5 18. Bxh6 Rf7 19. Bf4 Qd6 20. Bxe5 Qxe5 21.
Re1 Qf4 22. Qd3 Raf8 23. Ne2 Qh4 24. Nd4 Rh7 25. h3 Bc8 26. Ne6 Bxe6 27. Rxe6 f4 28.
Rae1 f3 29. Bf1 Qg3 30. Qd2 f2 0-1

[Event "*** Titled Tuesday Blitz"]
[Site "Chess.com"]
[Date "2018.10.02"]
[Round "10"]
[White "W_Amadeus"]
[Black "AliKa2810"]
[Result "1-0"]
[WhiteElo "2620"]
[BlackElo "2486"]
[TimeControl "180+2"]
[EndTime "15:10:58 PDT"]
[Termination "W_Amadeus won by resignation"]

1. e4 c6 2. d4 d5 3. e5 Bf5 4. h4 h5 5. Bd3 Bxd3 6. Qxd3 e6 7.
Bg5 Be7 8. Nf3 Nh6 9. Nc3 Nd7 10. Ne2 Nf5 11. c3 c5 12. Ng3 Nxg3 13. fxg3 c4 14. Qc2 Nb6 15. O-O Qd7 16. Bxe7 Kxe7 17. Ng5 Raf8 18.
Rae1 Kd8 19. Rf2 Qe7 20. Qe2 Nd7 21. b3 b5 22. a4 b4 23. bxc4 bxc3 24. cxd5 exd5 25.
Qb5 Qa3 26. e6 1-0

[Event "*** Titled Tuesday Blitz"]
[Site "Chess.com"]
[Date "2018.10.02"]
[Round "10"]
[White "saraswathii"]
[Black "2165149677570"]
[Result "0-1"]
[WhiteElo "2298"]
[BlackElo "2336"]
[TimeControl "180+2"]
[EndTime "15:11:10 PDT"]
[Termination "2165149677570 won by resignation"]

1. d4 Nf6 2. Bf4 b6 3. e3 Bb7 4. Nf3 g6 5. Be2 Bg7 6. h3 O-O 7. O-O d6 8. c4 Nbd7 9. Nc3 Re8 10. a4 a5 11. Qd2 e5 12. dxe5 Nxe5 13. Bxe5 dxe5 14.
Rad1 Qe7 15. Qc2 Rad8 16. e4 c6 17. Rd2 Rxd2 18. Qxd2 Rd8 19. Qe3 Nd7 20. Rd1 Nc5 21.
Rxd8+ Qxd8 22. Kf1 Ba6 23. Ke1 Qe7 24. Kd2 h6 25.
Kc2 Qe6 26. b3 f5 27. Nd2 f4 28. Qf3 h5 29. h4 Qd7 30. g4 fxg3 31. Qxg3 Kh7 32.
Nf3 Ne6 33. Nxe5 Nd4+ 34. Kb2 Qd6 35. Qxg6+ Qxg6 36. Nxg6 Nxe2 0-1

[Event "*** Titled Tuesday Blitz"]
[Site "Chess.com"]
[Date "2018.10.02"]
[Round "10"]
[White "ENEASZ"]
[Black "Lovkov_Roman"]
[Result "0-1"]
[WhiteElo "2587"]
[BlackElo "2651"]
[TimeControl "180+2"]
[EndTime "15:11:13 PDT"]
[Termination "Lovkov_Roman won by resignation"]

1. e4 c6 2. d3 e6 3. Nd2 d5 4. Ngf3 Nd7 5. g3 g6 6. Bg2 Bg7 7. O-O Ne7 8. c3 O-O 9. Re1 e5 10.
a4 h6 11. a5 f5 12. exd5 cxd5 13. Qe2 Kh7 14. c4 e4 15. dxe4 dxe4 16. Nxe4 fxe4 17. Qxe4 Nc6 18. h4 Nc5 19. Qe2 Bg4 20. Be3 Nb3 21. Rad1 Qf6 22. Ng5+ Qxg5 23. hxg5 Bxe2 24. Rxe2 Rad8 25.
Rxd8 Rxd8 26. a6 Ncd4 27. Bxd4 Nxd4 28. Re7 bxa6 29. gxh6 Kxh6 30. Rxa7 Rd6 31. c5 Re6 32. b4 Nb5 33. c6 Nxa7 0-1

[Event "*** Titled Tuesday Blitz"]
[Site "Chess.com"]
[Date "2018.10.02"]
[Round "10"]
[White "Shant_Sargsyan"]
[Black "petrpalachev"]
[Result "1-0"]
[WhiteElo "2898"]
[BlackElo "2780"]
[TimeControl "180+2"]
[EndTime "15:11:29 PDT"]
[Termination "Shant_Sargsyan won by resignation"]

1. d4 Nf6 2. Nf3 d5 3. c4 e6 4. Nc3 a6 5. cxd5 exd5 6. Bg5 Be6 7. e3 Nbd7 8. Bd3 Bd6 9. h3 h6 10. Bf4 Qe7 11. O-O O-O 12. Rc1 c6 13. Na4 a5 14.
Bxd6 Qxd6 15. Nc5 Nxc5 16. dxc5 Qc7 17. Nd4 Rfe8 18. a3 Nd7 19. b4 axb4 20. axb4 Ne5 21.
Be2 Nd7 22. Ra1 b6 23. cxb6 Qxb6 24. Qd2 c5 25. bxc5 Nxc5 26. Rab1 Qd6 27. Qb4 Rab8 28. Nb5 Qe7 29. Rfc1 Ne4 30. Qxe7 Rxe7 31. Nd4 Rxb1 32.
Rxb1 g5 33. Rb8+ Kg7 34. Bd3 Nf6 35. Ra8 Rc7 36. Bf5 Re7 37. Ra6 Bd7 38. Bxd7 Rxd7 39. Nf5+ Kg6 40. g4 h5 41. f3 hxg4 42. hxg4 Rd8 43.
Kf2 Re8 44. Kg3 Re6 45. Ra8 Re8 46. Ra1 Ng8 47. Rd1 Ne7 48. Nd4 Rc8 49. Rb1 Rc3 50. Kf2 f6 51. Rb7 1-0

[Event "*** Titled Tuesday Blitz"]
[Site "Chess.com"]
[Date "2018.10.02"]
[Round "10"]
[White "aquaticpineapples"]
[Black "ruvat"]
[Result "0-1"]
[WhiteElo "2024"]
[BlackElo "2289"]
[TimeControl "180+2"]
[EndTime "15:11:42 PDT"]
[Termination "ruvat won by resignation"]

1. d4 d6 2. Nf3 g6 3. e4 Bg7 4. Bd3 Nf6 5. O-O O-O 6. Nbd2 Nc6 7. c3 e5 8. a3 Nh5 9. Nb3 Bg4 10. Be3 a5 11. a4 Qf6 12. Be2 Nf4 13. Bxf4 Qxf4 14.
Qd3 exd4 15. Nbxd4 Rfe8 16. Nxc6 bxc6 17. h3 Qxe4 18. hxg4 Qxe2 19. Qxe2 Rxe2 20. Rab1 Rb8 21. b4 Bxc3 22. bxa5 Rxb1 23. Rxb1 Bxa5 24. Nd4 Ra2 25.
Nxc6 Rxa4 26. Rb8+ Kg7 27. Ra8 Ra1+ 28. Kh2 Bc3 29.
Rc8 Rc1 30. Rxc7 Be5+ 31. g3 d5 32. Kg2 Bxc7 0-1

[Event "*** Titled Tuesday Blitz"]
[Site "Chess.com"]
[Date "2018.10.02"]
[Round "10"]
[White "51616516516"]
[Black "albi1999"]
[Result "0-1"]
[WhiteElo "2298"]
[BlackElo "2401"]
[TimeControl "180+2"]
[EndTime "15:11:43 PDT"]
[Termination "albi1999 won on time"]

1. d4 d5 2. c4 e6 3. Nc3 c5 4.
cxd5 cxd4 5. Qxd4 Nc6 6. Qd1 exd5 7. Qxd5 Bd7 8. Bg5 Nf6 9. Bxf6 Qxf6 10. Nf3 O-O-O 11. O-O-O Bb4 12. Ne4 Qe6 13. a3 Be7 14. e3 Qg6 15. Ne5 Nxe5 16. Qxe5 Bf5 17. Nc5 Rxd1+ 18.
Kxd1 Rd8+ 19. Kc1 Bd6 20. Qd5 Bxc5 21. Qxc5+ Kb8 22. Qe5+ Ka8 23. Bc4 Rc8 24. b3 Be6 25. Rd1 Bxc4 26. bxc4 Rxc4+ 27. Kb2 Qc2+ 28. Ka1 Qxd1+ 0-1

[Event "*** Titled Tuesday Blitz"]
[Site "Chess.com"]
[Date "2018.10.02"]
[Round "10"]
[White "kleinebeer98"]
[Black "ShimanovAlex"]
[Result "1-0"]
[WhiteElo "2598"]
[BlackElo "2716"]
[TimeControl "180+2"]
[EndTime "15:11:48 PDT"]
[Termination "kleinebeer98 won by resignation"]

1. e4 c6 2. d4 d5 3. f3 e6 4. Nc3 b6 5. Bd3 Ba6 6. Nge2 Bb4 7. O-O Ne7 8. Kh1 O-O 9. a3 Bxc3 10.
Nxc3 Bxd3 11. Qxd3 Nd7 12. Bf4 Rc8 13. Bg3 b5 14.
Bh4 Re8 15. exd5 exd5 16. Rfe1 f6 17. Bg3 Nb6 18. b3 Qd7 19. a4 bxa4 20. Nxa4 Nxa4 21.
Rxa4 Nf5 22. Rea1 Ra8 23. Bf2 Re7 24. Ra6 Nd6 25. Qc3 Re2 26. Bg3 Nb5 27. Qc5 Rae8 28. Rxc6 Nxd4 29. Rd6 Qe7 30. Qxd4 Rxc2 31. Qxd5+ Kh8 32.
h3 Qe2 33. Rg1 h6 34. Rd8 Rxd8 35. Qxd8+ Kh7 36. Qd1 Qxd1 37. Rxd1 Rc3 38. Ra1 Rxb3 39. Rxa7 Rd3 40. Kh2 h5 41. Bf2 Kh6 42. Ra8 g5 43. h4 Kg6 44. hxg5 fxg5 45. Ra6+ Kf5 46. Ra5+ Kg6 47. Kg3 Rd2 48. Rxg5+ 1-0

[Event "*** Titled Tuesday Blitz"]
[Site "Chess.com"]
[Date "2018.10.02"]
[Round "10"]
[White "hurricane7791"]
[Black "Fins0905"]
[Result "0-1"]
[WhiteElo "2688"]
[BlackElo "2597"]
[TimeControl "180+2"]
[EndTime "15:11:50 PDT"]
[Termination "Fins0905 won by resignation"]

1. d4 d5 2. c4 c6 3. Nf3 Nf6 4. Nc3 dxc4 5. a4 Bf5 6. e3 e6 7. Bxc4 Bb4 8. O-O O-O 9. Nh4 Bg4 10. f3 Bh5 11. g4 Bg6 12. Qe2 Nbd7 13. Rd1 Qe7 14.
f4 c5 15. Nxg6 hxg6 16. Na2 cxd4 17. Nxb4 Qxb4 18. Rxd4 Qc5 19. b4 Qc7 20. g5 Nh5 21. Rd1 Rac8 22. Ba2 Nb6 23. Bb3 Nd5 24. Rd4 Qc3 25. Rb1 Ndxf4 26. Rxf4 Nxf4 27. exf4 Rfd8 28. Be3 Rd3 29. Kf2 Rcd8 30. Kf3 Rxe3+ 31. Qxe3 Rd3 32. Re1 Qxb3 0-1

[Event "*** Titled Tuesday Blitz"]
[Site "Chess.com"]
[Date "2018.10.02"]
[Round "10"]
[White "Blagorod"]
[Black "Thee-Chessboy"]
[Result "0-1"]
[WhiteElo "2044"]
[BlackElo "2306"]
[TimeControl "180+2"]
[EndTime "15:11:59 PDT"]
[Termination "Thee-Chessboy won by resignation"]

1. e4 c5 2. Nc3 e6 3. g3 a6 4. Bg2 b5 5. d3 Bb7 6. f4 Nf6 7.
Nf3 d5 8. e5 Nfd7 9. O-O Be7 10. Ne2 Nc6 11. c3 g6 12. d4 c4 13. Be3 a5 14. a3 Qb6 15. Qd2 O-O 16. g4 f5 17.
g5 Kf7 18. Ne1 h6 19. h4 hxg5 20.
hxg5 Rh8 21. Nf3 b4 22. axb4 axb4 23. Kf2 b3 24. Rxa8 Rxa8 25. Rb1 Ra2 26. Nc1 Qa5 27. Qe1 Ra1 28. Nxb3 Rxb1 29. Nxa5 Rxe1 30. Nxc6 Rb1 31. Nxe7 Rxb2+ 32. Kg3 Kxe7 33. Bd2 Bc6 34. Kf2 Ba4 35. Ke3 Bc2 36. Bf1 Be4 37. Nh4 Kf7 38. Bh3 Nb6 39. Bf1 Na4 40. Be2 Rb1 41. Bd1 Rxd1 0-1

[Event "*** Titled Tuesday Blitz"]
[Site "Chess.com"]
[Date "2018.10.02"]
[Round "10"]
[White "GHANDEEVAM2003"]
[Black "BocharovD"]
[Result "0-1"]
[WhiteElo "2877"]
[BlackElo "2802"]
[TimeControl "180+2"]
[EndTime "15:12:02 PDT"]
[Termination "BocharovD won by resignation"]

1. Nf3 c5 2. c4 Nc6 3. Nc3 g6 4. e3 Nf6 5. d4 Bg7 6. d5 Na5 7.
e4 d6 8. Be2 O-O 9. h3 e5 10.
a3 b6 11. b4 Nb7 12. Be3 Nh5 13. g3 f5 14. g4 fxg4 15. hxg4 Nf4 16. Rg1 Bd7 17.
Qd2 cxb4 18. axb4 a5 19. bxa5 Rxa5 20. Rb1 Nc5 21. Bxf4 exf4 22. g5 Ra3 23. e5 dxe5 24.
d6 Be6 25. Nd5 e4 26. Nh4 e3 27. fxe3 fxe3 28. Qc1 Nd3+ 29. Bxd3 Rxd3 30. Ne7+ Kf7 31. c5 bxc5 32. Rf1+ Ke8 33. Rxf8+ Kxf8 34. Qxc5 Qxd6 35. Qa7 Bc3+ 36. Kf1 Bh3+ 37. Ke2 Bg4+ 38. Nf3 Rd2+ 39. Kxe3 Qd3+ 0-1

[Event "*** Titled Tuesday Blitz"]
[Site "Chess.com"]
[Date "2018.10.02"]
[Round "10"]
[White "Bauxi435"]
[Black "kasparik_garik"]
[Result "0-1"]
[WhiteElo "2426"]
[BlackElo "2554"]
[TimeControl "180+2"]
[EndTime "15:12:05 PDT"]
[Termination "kasparik_garik won by resignation"]

1. d4 Nf6 2. c4 g6 3. Nc3 Bg7 4.
e4 O-O 5. Be2 d6 6. Be3 e5 7. d5 a5 8. g4 Na6 9. g5 Nh5 10. Bxh5 gxh5 11. Qxh5 f5 12. gxf6 Qxf6 13. O-O-O Qg6 14. Qxg6 hxg6 15. Nge2 Kh7 16. h4 Bg4 17. Rdg1 Bf3 18. Rh3 Bh6 19. Kd2 Bh5 20. Rg2 Nc5 21. Ng3 Bxe3+ 22. fxe3 Rf3 23. Rhh2 Raf8 24. Nxh5 gxh5 25.
Ke2 Rf1 26. Rg5 Rc1 27. Rxh5+ Kg6 28. Rg5+ Kh6 29. Kd2 Rxc3 30. Kxc3 Nxe4+ 31. Kd3 Nxg5 32. hxg5+ Kxg5 33. Rh7 Rc8 34. Ke4 b6 35. b3 a4 36. b4 a3 37. c5 bxc5 38. bxc5 dxc5 39. Kxe5 Re8+ 0-1

[Event "*** Titled Tuesday Blitz"]
[Site "Chess.com"]
[Date "2018.10.02"]
[Round "10"]
[White "Indianlad"]
[Black "jerom555888"]
[Result "0-1"]
[WhiteElo "2806"]
[BlackElo "2729"]
[TimeControl "180+2"]
[EndTime "15:12:08 PDT"]
[Termination "jerom555888 won on time"]

1. d4 f5 2. Bg5 g6 3. h4 Bg7 4. h5 h6 5. Bf4 g5 6. Be5 Nf6 7. Nc3 Nc6 8. Bxf6 Bxf6 9. e3 e6 10. g4 d5 11. Bb5 O-O 12. Nf3 fxg4 13. Nh2 e5 14. Bxc6 bxc6 15. Nxg4 exd4 16. exd4 Qe7+ 17. Kf1 Bg7 18. Ne5 Bxe5 19. dxe5 Qxe5 20. Qd2 Ba6+ 21. Kg1 Rae8 22. Rh3 d4 23. Na4 c5 24. Qa5 Bb7 25.
Nxc5 Bc6 26. Qb4 Kh8 27. Rd1 Rf4 28. Rg3 Rh4 29. Rg2 Bxg2 30. Kxg2 Qh2+ 0-1

[Event "*** Titled Tuesday Blitz"]
[Site "Chess.com"]
[Date "2018.10.02"]
[Round "10"]
[White "Thjop"]
[Black "FMJoseHerrera"]
[Result "1-0"]
[WhiteElo "2628"]
[BlackElo "2519"]
[TimeControl "180+2"]
[EndTime "15:12:09 PDT"]
[Termination "Thjop won by resignation"]

1. e4 c5 2. Nf3 e6 3. d4 cxd4 4.
Nxd4 a6 5. g3 Qc7 6. Bg2 b6 7. O-O Bb7 8. Nc3 d6 9. Qe2 Nd7 10. f4 Ngf6 11. Be3 h5 12. Rad1 Be7 13. Bf3 Rc8 14. a3 Qb8 15. Rfe1 Qa8 16. Qg2 h4 17. gxh4 Rxh4 18. Qxg7 Nxe4 19. Nxe6 Nef6 20. Ng5 Kd8 21. Qxf7 Kc7 22. Qxe7 Bxf3 23. Qxd6+ Kd8 24. Qxf6+ Kc7 25. Qd6+ Kb7 26. Nxf3 Rg4+ 27. Kf2 Rc7 28. Qd5+ Ka7 29. Qxa8+ Kxa8 30. Rg1 Rxg1 31. Rxg1 b5 32. h4 Nf6 33.
Rg6 Nh5 34. Rxa6+ Kb7 35. Ra7+ 1-0

[Event "*** Titled Tuesday Blitz"]
[Site "Chess.com"]
[Date "2018.10.02"]
[Round "10"]
[White "ChristopherYoo"]
[Black "Saitama_Hero"]
[Result "1-0"]
[WhiteElo "2378"]
[BlackElo "2239"]
[TimeControl "180+2"]
[EndTime "15:12:09 PDT"]
[Termination "ChristopherYoo won on time"]

1. e4 d6 2. d4 g6 3. Nc3 Bg7 4. f4 Nf6 5. Nf3 O-O 6. Bd3 Na6 7. O-O c5 8. e5 Ng4 9. Bxa6 cxd4 10. Qxd4 bxa6 11. h3 Nh6 12. Rd1 Bb7 13. Qf2 Qc7 14.
exd6 exd6 15. Nd5 Qc4 16. b3 Qe4 17. Ng5 Qe8 18. Rb1 Nf5 19. g4 Ne7 20. c4 Nxd5 21. cxd5 Rc8 22. Bb2 Bxb2 23. Rxb2 Qe7 24. Re2 Qf6 25. Ne4 Qd8 26. g5 Kg7 27. Qh4 Re8 28. Qh6+ Kh8 29. Nf6 1-0

[Event "*** Titled Tuesday Blitz"]
[Site "Chess.com"]
[Date "2018.10.02"]
[Round "10"]
[White "dmosesov"]
[Black "WPWPWP-2015"]
[Result "1-0"]
[WhiteElo "2311"]
[BlackElo "2251"]
[TimeControl "180+2"]
[EndTime "15:12:09 PDT"]
[Termination "dmosesov won by resignation"]

1. e4 c5 2. Nf3 d6 3. Bb5+ Nd7 4. O-O a6 5. Bd3 e5 6. c3 Ngf6 7.
Bc2 Be7 8. d4 O-O 9. Re1 cxd4 10.
cxd4 b6 11. Nc3 Bb7 12. h3 Rc8 13. Be3 Re8 14. Qd2 Bf8 15. Rad1 Qc7 16. Bb3 h6 17. Rc1 Qb8 18. Qd3 exd4 19. Bxd4 Ne5 20. Bxe5 dxe5 21. Nh4 Red8 22. Qg3 Bc5 23. Nf5 Nh5 24. Qg6 Bd5 25. Bxd5 Rxd5 26. Nxh6+ Kh8 27. Nxf7+ Kg8 28. Nxd5 Nf4 29. Nxf4 exf4 30. Ng5 Qb7 31. Qh7+ Kf8 32. Qh8+ Ke7 33. Qxg7+ Ke8 34. Qxb7 1-0

[Event "*** Titled Tuesday Blitz"]
[Site "Chess.com"]
[Date "2018.10.02"]
[Round "10"]
[White "BillForster"]
[Black "017290"]
[Result "0-1"]
[WhiteElo "1689"]
[BlackElo "2241"]
[TimeControl "180+2"]
[EndTime "15:12:09 PDT"]
[Termination "017290 won on time"]

1. d4 Nf6 2. c4 e6 3. Nc3 Bb4 4. e3 b6 5. Bd3 Bb7 6. f3 c5 7.
Ne2 d5 8. O-O O-O 9. a3 Ba5 10.
b3 a6 11. Bb2 Nc6 12. Qc2 Rc8 13. Rac1 h6 14. Qb1 dxc4 15. bxc4 cxd4 16. exd4 Nxd4 17.
Rfd1 Nxe2+ 18. Nxe2 Qe7 19. Nf4 Rfd8 20. Bf1 Bd2 21. Nd5 Rxd5 22. cxd5 Bxc1 23. d6 Qd7 24.
Rxc1 Qxd6 25. Rd1 Qc5+ 26. Kh1 Nd5 27. Qa1 f6 28. Be2 Qc2 0-1